 Dungeon Crawl Stone Soup version 0.23-b1-13-gf37ab262a9 (webtiles) character file.

Game seed: 828131161983938775

193 DildoBatman the Conjurer (level 6, -1/41 HPs)
             Began as a Formicid Wizard on Feb 3, 2019.
             Slain by a centaur (8 damage)
             ... on level 5 of the Dungeon.
             The game lasted 00:12:02 (3190 turns).

DildoBatman the Conjurer (Formicid Wizard)          Turns: 3190, Time: 00:12:02

Health: -1/41      AC:  4    Str: 12    XL:     6   Next: 2%
Magic:  8/10       EV: 11    Int: 19    God:
Gold:   179        SH:  0    Dex:  9    Spells: 5/11 levels left

rFire    + . .     SeeInvis +   b - +0 mace
rCold    . . .     Gourm    .   (no shield)
rNeg     . . .     Faith    .   d - +0 leather armour
rPois    +         Spirit   .   (helmet unavailable)
rElec    .         Reflect  .   (no cloak)
rCorr    .         Harm     .   o - +0 pair of gloves
MR       .....                  (no boots)
Stlth    ++........             (no amulet)
HPRegen  0.13/turn              i - ring of protection from fire (curse)
MPRegen  0.12/turn              C - ring of poison resistance

@: no status effects
A: permanent stasis, dig shafts and tunnels, four strong arms, antennae 3
a: Dig, Shaft Self


You were on level 5 of the Dungeon.
You were not hungry.

You visited 1 branch of the dungeon, and saw 5 of its levels.

You collected 179 gold pieces.

Inventory:

Hand Weapons
 a - a +1 war axe of electrocution
 b - a +0 mace (weapon)
 c - a +0 hunting sling
 p - a +0 dagger
 t - a +0 spear
Missiles
 g - 172 stones (quivered)
 h - 24 arrows
 x - 18 sling bullets
 y - 13 poisoned needles
 z - 4 tomahawks
Armour
 d - a +0 leather armour (worn)
 o - a +0 pair of gloves (worn)
Jewellery
 i - a cursed ring of protection from fire (left hand)
 C - a ring of poison resistance (right hand)
Scrolls
 e - 5 scrolls of identify {unknown}
 f - a scroll of enchant weapon {unknown}
 m - a scroll of immolation {unknown}
 n - a scroll of fear {unknown}
 r - a scroll of remove curse {unknown}
 s - 2 scrolls of fog {unknown}
 A - a scroll of teleportation {unknown}
Potions
 j - a potion of flight {unknown}
 k - a potion of brilliance {unknown}
 l - a potion of invisibility {unknown}
 q - 4 potions of curing {unknown}
 u - a potion of degeneration {unknown}
 w - a potion of lignification {unknown}
 B - 2 potions of heal wounds
Comestibles
 v - 6 rations
 D - a chunk of flesh


   Skills:
 - Level 2.0 Axes
 - Level 1.7 Dodging
 * Level 3.1 Stealth
 - Level 3.2 Spellcasting
 - Level 4.0 Conjurations
   Level 1.0 Summonings
   Level 0.8 Translocations
 * Level 0.4 Air Magic
 * Level 1.1 Poison Magic


You had 5 spell levels left.
You knew the following spells:

 Your Spells              Type           Power        Failure   Level  Hunger
a - Slow                  Hex            #.......     28%         2    ##.....
c - Magic Dart            Conj           ###.         3%          1    None
e - Mephitic Cloud        Conj/Pois/Air  ##......     26%         3    ###....

Your spell library contained the following spells:

 Spells                   Type           Power        Failure   Level  Hunger
 Apportation              Tloc           #.....       13%         1    None
 Summon Small Mammal      Summ           #...         13%         1    None
 Animate Skeleton         Necr           N/A          19%         1    None
 Confusing Touch          Hex            #.....       19%         1    None
 Call Imp                 Summ           #.......     19%         2    ##.....
 Conjure Flame            Conj/Fire      ##......     26%         3    ###....
 Blink                    Tloc           Unusable     N/A         2    N/A

Dungeon Overview and Level Annotations

Branches:
Dungeon (5/15)
 Temple: D:4-7

Altars:
Dithmenos
Okawaru
Trog
Vehumet
Yredelemnul
Zin

Annotations:
D:3 Natasha
D:4 1 exclusion
D:5 exclusions: centaur, ogre, phantom and 1 more exclusion


Innate Abilities, Weirdness & Mutations

You cannot be hasted, slowed, berserked, paralysed or teleported.
You can dig through walls and to a lower floor.
Your four strong arms can wield two-handed weapons with a shield.
You have a pair of large antennae on your head. (SInv)


Message History

You hit the centaur.
The centaur is severely wounded.
The centaur gestures wildly.
The centaur hits you.
You barely miss the centaur.
The centaur is severely wounded.
The centaur hits you.
You strike the helpless centaur from behind!
You sock the centaur!
The centaur is almost dead.
The centaur barely misses you.
Casting: Mephitic Cloud (safe; 26% risk of failure)
Confirm with . or Enter, or press ? or * to list all spells.
Aiming: Magic Dart (safe; 3% risk of failure)
Press: ? - help, Shift-Dir - straight line, f/p - centaur
Aim: a centaur (almost dead, confused)
The magic dart hits the centaur but does no damage.
The centaur is almost dead.
The centaur hits you!
You die...

#.... .............##
#.#.##.#..........#.##
#.#.##.#..##.###.###.##
#.#.##.#..... #.# ##.#
#.#.##.#. ##.###.###.##
#.#.##.# #!c....#..#.
#...##.# ..........
#?.##.#######.#.......
#....@c.......#.#.....
#.###.....#####<###.#W
#.# ####..# #.# #.##
#.# ##.# #.# #.# #.#
#.# #.# #.# #.# #.# #.#
#.# #.#######.## #.#
#.#
#.....##...####.###.#
#####..........#....#


You could see a centaur (confused).

Vanquished Creatures
  A jelly (D:5)
  A hound (D:5)
  A worker ant (D:5)
  3 adders
  An ooze (D:1)
  2 adder skeletons (D:4)
  2 worms
  A dart slug (D:1)
  A leopard gecko (D:4)
  An orc (D:3)
  2 ball pythons
  6 bats
  2 giant cockroaches
  7 goblins
  6 hobgoblins
  9 jackals
  2 quokkas (D:5)
  3 frilled lizards
  2 kobolds
  5 rats
58 creatures vanquished.

Vanquished Creatures (others)
  2 gnolls (D:4)
2 creatures vanquished.

Grand Total: 60 creatures vanquished

Notes
Turn   | Place    | Note
-------+----------+-------------------------------------------
     0 | D:1      | DildoBatman the Formicid Wizard began the quest for the
                  | Orb.
     0 | D:1      | Reached XP level 1. HP: 13/13 MP: 4/4
    76 | D:1      | Reached skill level 1 in Conjurations
   426 | D:1      | Reached XP level 2. HP: 19/19 MP: 3/6
   522 | D:1      | Reached skill level 2 in Conjurations
   889 | D:1      | Reached XP level 3. HP: 20/24 MP: 0/7
   893 | D:1      | Learned a level 2 spell: Slow
   897 | D:1      | Learned a level 3 spell: Mephitic Cloud
  1117 | D:2      | Found a basalt altar of Yredelemnul.
  1280 | D:2      | Reached skill level 3 in Conjurations
  1383 | D:2      | Reached XP level 4. HP: 30/30 MP: 3/8
  1555 | D:2      | Found a bloodstained altar of Trog.
  1990 | D:3      | Noticed Natasha
  2094 | D:4      | Found a radiant altar of Vehumet.
  2232 | D:4      | Reached skill level 1 in Axes
  2303 | D:4      | Found a shadowy altar of Dithmenos.
  2312 | D:4      | Found an iron altar of Okawaru.
  2383 | D:4      | Reached XP level 5. HP: 27/35 MP: 6/9
  2602 | D:5      | Entered Level 5 of the Dungeon
  2641 | D:5      | Noticed a phantom
  2704 | D:5      | Noticed a centaur
  2754 | D:5      | Noticed a phantom
  2848 | D:5      | Noticed an ogre
  2916 | D:5      | Noticed a necrophage
  2977 | D:5      | Found a glowing silver altar of Zin.
  3044 | D:5      | Reached skill level 4 in Conjurations
  3072 | D:5      | Reached skill level 1 in Poison Magic
  3072 | D:5      | Reached XP level 6. HP: 24/41 MP: 5/10
  3190 | D:5      | Slain by a centaur

Skill      XL: |  1  2  3  4  5 |
---------------+----------------+-----
Conjurations   | 1 2 3 4 |  4.0
Axes           | 1 2 |  2.0
Stealth        | 3 |  3.1
Poison Magic   | 1 |  1.1
Dodging        | |  1.7
Spellcasting   | |  3.2
Summonings     | |  1.0
Translocations | |  0.8
Air Magic      | |  0.4

Action                   |  1- 3 |  4- 6 || total
-------------------------+-------+-------++-------
Melee: Unarmed           |    29 |       ||    29
       Dagger            |     2 |       ||     2
       Mace              |       |    63 ||    63
       Spear             |       |     5 ||     5
       War axe           |       |     3 ||     3
 Cast: Magic Dart        |    66 |    59 ||   125
       Mephitic Cloud    |       |     3 ||     3
 Abil: Dig               |       |     8 ||     8
 Stab: Sleeping          |       |     2 ||     2
       Confused          |       |     5 ||     5
  Eat: Chunk             |     1 |     7 ||     8
Armor: Robe              |     1 |       ||     1
       Leather armour    |    14 |    21 ||    35
Dodge: Dodged            |    32 |    45 ||    77
